 Dungeon Crawl Stone Soup version 0.28-a0-21-gf74fda84f9 (webtiles) character file.

Game seed: 8335049221149553646

1865 ezpacito the Agent of Entropy (level 8, -2/61 HPs)
             Began as a Demonspawn Abyssal Knight on July 26, 2021.
             Was a Priest of Lugonu.
             Slain by Eustachio (6 damage)
             ... on level 6 of the Dungeon on July 27, 2021.
             The game lasted 00:13:17 (7205 turns).

ezpacito the Agent of Entropy (DsAK)                Turns: 7205, Time: 00:13:18

Health: -2/61      AC: 13    Str: 14    XL:     8   Next: 90%
Magic:  12/12      EV: 10    Int: 13    God:    Lugonu [***...]
Gold:   191        SH:  0    Dex: 14    Spells: 4/13 levels left

rFire   + + .      SeeInvis .   g - +4 hand axe (flame)
rCold   + . .      Faith    .   (no shield)
rNeg    . . .      Spirit   .   k - +3 scale mail {rC+}
rPois   .          Reflect  .   j - +0 helmet
rElec   .          Harm     .   (no cloak)
rCorr   .          Rampage  .   (no gloves)
Will    .....                   (no boots)
Stlth   ..........              (no amulet)
HPRegen 0.20/turn               c - ring of protection from fire
MPRegen 0.13/turn               b - ring of protection from fire

@: very slightly contaminated, invisible
A: hooves 1, thin metallic scales 1, ignite blood 1, powered by pain 1
a: Renounce Religion, Depart the Abyss, Bend Space, Banish


You were on level 6 of the Dungeon.
You worshipped Lugonu.
Lugonu was most pleased with you.
You visited 2 branches of the dungeon, and saw 7 of its levels.
You visited the Abyss 1 time.

You collected 191 gold pieces.

Inventory:

Hand Weapons
 g - a +4 hand axe of flaming (weapon)
Missiles
 d - 212 stones (quivered)
Armour
 e - the +3 leather armour of the Blessed Realm {rPois rC+}
   (You found it on level 5 of the Dungeon)

   rC:        It protects you from cold.
   rPois:     It protects you from poison.
 j - a +0 helmet (worn)
 k - a +3 scale mail of cold resistance (worn)
 n - a +2 ring mail of willpower
 q - a +0 chain mail
Jewellery
 b - a ring of protection from fire (right hand)
 c - a ring of protection from fire (left hand)
 f - a ring of flight
Wands
 i - a wand of flame (7)
 r - a wand of digging (14)
Scrolls
 a - 2 scrolls of identify
 m - 2 scrolls of noise
 s - a scroll of magic mapping
Potions
 h - a potion of attraction
 l - a potion of invisibility


   Skills:
 + Level 4.6 Fighting
 * Level 5.2 Axes
 + Level 3.6 Armour
 + Level 3.3 Dodging
 + Level 1.5 Unarmed Combat
 + Level 3.2 Spellcasting
 + Level 0.6 Hexes
 + Level 3.2 Necromancy
 + Level 5.2 Invocations
 * Level 4.1 Evocations


You had 4 spell levels left.
You knew the following spells:

 Your Spells              Type           Power      Damage    Failure   Level
a - Corpse Rot            Necr/Air       N/A        N/A       56%         2
b - Poisonous Vapours     Pois/Air       4%         N/A       80%         2
c - Ensorcelled Hibernat  Hex/Ice        6%         N/A       77%         2
d - Spider Form           Tmut/Pois      1%         N/A       95%         3

Your spell library contained the following spells:

 Spells                   Type           Power      Damage    Failure   Level
 Freeze                   Ice            8%         1d3       67%         1
 Frozen Ramparts          Ice            4%         1d2       95%         3
 Ozocubu's Armour         Ice            2%         N/A       95%         3
 Hailstorm                Conj/Ice       2%         3d3       100%        4
 Freezing Cloud           Conj/Ice/Air   1%         6-21      100%        5
 Shadow Creatures         Summ           N/A        N/A       100%        6
 Ozocubu's Refrigeration  Ice            1%         4d5       100%        7


Dungeon Overview and Level Annotations

Branches:
Dungeon (6/15)             Temple (1/1) D:4

Altars:
Cheibriados
Dithmenos
Elyvilon
Fedhas
Hepliaklqana
Kikubaaqudgha
Makhleb
Nemelex Xobeh
Okawaru
Ru
Sif Muna
Trog
Uskayaw
Xom
Zin
The Shining One
Jiyva

Shops:
D:6 ?

Annotations:
D:6 Eustachio


Innate Abilities, Weirdness & Mutations

You have large cloven feet.
You are partially covered in thin metallic scales. (AC +2)
Your demonic aura sometimes causes spilled blood to erupt in flames.
You sometimes gain a little power by taking damage.


Message History

* * * LOW HITPOINT WARNING * * *
The iron imp hits you but does no damage.
The white imp gestures at you. The puff of frost hits you. You resist.
* * * LOW HITPOINT WARNING * * *
Unknown command.
Okay, then.
Okay, then.
You fade into invisibility!
The iron imp hits you but does no damage.
The white imp gestures at you. The puff of frost hits you. You resist.
* * * LOW HITPOINT WARNING * * *
You are very lightly contaminated with residual magic.
Unknown command.
You strike the helpless Eustachio from behind!
You hit Eustachio. You burn Eustachio. Your kick misses Eustachio.
Eustachio is heavily wounded.
You hit the iron imp. You hit the iron imp but do no damage.
Eustachio closely misses you. The iron imp closely misses you.
Unknown command.
You hit Eustachio. You burn Eustachio. Your kick misses Eustachio.
Eustachio is severely wounded.
You hit the iron imp. x2
You kill the iron imp!
The white imp disappears in a puff of smoke!
Eustachio hits you with a +2 rapier of protection.
* * * LOW HITPOINT WARNING * * *
The iron imp hits you.
* * * LOW HITPOINT WARNING * * *
Eustachio casts a spell.
You barely miss Eustachio. Your kick misses Eustachio.
Eustachio is severely wounded.
You hit the bat. You burn the bat.
You kill the bat!
The bat's corpse disappears in a puff of smoke!
You strike the helpless iron imp from behind!
You hit the iron imp.
Eustachio hits you with a +2 rapier of protection.
You die...

########## #........#
#........# #..).....#
#########.#.#....#
#......##..∩.....#
#..@§..#..#.#.)..#
#...@..#.##..######
...####...5..#.###.# ..#
#.............###.# ...#
######...)........##...#
###.#.######......#
##.#)#...........#
#...†..####.##...#
.......#### #.# ####


You could see Eustachio and an iron imp (summoned).

Vanquished Creatures
  3 yaks (D:4)
  Edmund (D:4)
  Duvessa (D:6)
  A sky beast (D:6)
  A black bear (D:4)
  2 ogres (D:4)
  A phantom (D:5)
  A scorpion (D:4)
  Dowan (D:6)
  A water moccasin skeleton (D:5)
  An orc priest (D:4)
  A bullfrog skeleton (D:5)
  2 hounds
  An iguana (D:5)
  2 orc wizards (D:4)
  Ijyb (D:5)
  A hound skeleton (D:5)
  A howler monkey skeleton (D:5)
  3 gnolls (D:4)
  6 adders
  A white imp (D:5)
  An adder skeleton (D:4)
  2 worms
  A dart slug (D:3)
  6 orcs
  A bat (D:1)
  6 endoplasms
  A giant cockroach (D:1)
  8 goblins
  5 hobgoblins
  7 jackals
  4 quokkas
  7 ball pythons
  2 frilled lizards (D:1)
  8 kobolds
  5 rats
97 creatures vanquished.

Vanquished Creatures (others)
  Grinder (Temple)
  An orc priest (Temple)
  An orc wizard (Temple)
3 creatures vanquished.

Grand Total: 100 creatures vanquished

Notes
Turn   | Place    | Note
-------+----------+-------------------------------------------
     0 | Abyss:1  | ezpacito the Demonspawn Abyssal Knight began the quest for
                  | the Orb.
     0 | Abyss:1  | Reached XP level 1. HP: 18/18 MP: 2/2
    62 | Abyss:1  | Noticed a rust devil
    65 | Abyss:1  | Noticed a ynoxinul
    90 | D:1      | Escaped the Abyss
   125 | D:1      | Reached skill level 1 in Dodging
   235 | D:1      | Reached * piety under Lugonu
   253 | D:1      | Found a faded altar of an unknown god.
   410 | D:1      | Gained mutation: You have large cloven feet. [demonic
                  | ancestry]
   410 | D:1      | Reached XP level 2. HP: 22/24 MP: 3/3
  1513 | D:2      | Gained mutation: Your demonic aura sometimes causes spilled
                  | blood to erupt in flames. [demonic ancestry]
  1513 | D:2      | Reached XP level 3. HP: 18/29 MP: 3/5
  1518 | D:2      | Reached skill level 1 in Spellcasting
  2095 | D:2      | Reached XP level 4. HP: 17/35 MP: 6/6
  2721 | D:3      | Reached ** piety under Lugonu
  2948 | D:3      | Found a sparkling altar of Nemelex Xobeh.
  3551 | D:4      | Gained mutation: You are partially covered in thin metallic
                  | scales. (AC +2) [demonic ancestry]
  3551 | D:4      | Reached XP level 5. HP: 15/41 MP: 7/7
  3807 | D:4      | Found a staircase to the Ecumenical Temple.
  3842 | D:4      | Found a shimmering blue altar of Sif Muna.
  3843 | D:4      | Noticed Grinder
  3844 | D:4      | Paralysed by Grinder for 2 turns
  3863 | Temple   | Entered the Ecumenical Temple
  4206 | Temple   | Learned a level 2 spell: Corpse Rot
  4209 | Temple   | Learned a level 2 spell: Poisonous Vapours
  4233 | Temple   | Paralysed by Grinder for 4 turns
  4249 | Temple   | Paralysed by Grinder for 2 turns
  4255 | Temple   | Killed Grinder
  4256 | Temple   | Reached skill level 1 in Necromancy
  4256 | Temple   | Reached skill level 1 in Evocations
  4256 | Temple   | Reached XP level 6. HP: 31/48 MP: 8/8
  4779 | D:4      | Found a bloodstained altar of Trog.
  4810 | D:4      | Found a shadowy altar of Dithmenos.
  4926 | D:4      | Found a hide-covered altar of Uskayaw.
  4929 | D:4      | Noticed a +0 hand axe
  4929 | D:4      | Noticed a +0 hand axe
  4944 | D:4      | Reached XP level 7. HP: 39/53 MP: 10/10
  5548 | D:5      | Entered Level 5 of the Dungeon
  5548 | D:5      | Noticed Edmund
  5584 | D:4      | Killed Edmund
  6031 | D:5      | Gained mutation: You sometimes gain a little power by
                  | taking damage. [demonic ancestry]
  6031 | D:5      | Reached XP level 8. HP: 38/60 MP: 10/12
  6146 | D:5      | Identified the +3 leather armour of the Blessed Realm
                  | {rPois rC+}
  6170 | D:5      | Noticed Ijyb
  6198 | D:5      | Killed Ijyb
  6521 | D:4      | Reached skill level 1 in Unarmed Combat
  6521 | D:4      | Reached skill level 5 in Invocations
  6862 | D:5      | Reached skill level 5 in Axes
  6954 | D:5      | Reached *** piety under Lugonu
  7116 | D:6      | Found Bookhleh's Magic Scroll Shoppe.
  7125 | D:6      | Learned a level 2 spell: Ensorcelled Hibernation
  7129 | D:6      | Learned a level 3 spell: Spider Form
  7142 | D:6      | Noticed Dowan
  7144 | D:6      | Noticed Duvessa
  7164 | D:6      | Killed Duvessa
  7166 | D:6      | Killed Dowan
  7175 | D:6      | Noticed Eustachio
  7205 | D:6      | Slain by Eustachio

Illustrated notes

Levels and vault maps discovered:
D:1:      scummos_arrival_star, layout_basic, serial_curves, eino_curves_02,
          eino_curves_01, hellmonk_ecumenical_altar_pennies_from_heaven,
          minmay_domino_4
D:2:      minmay_evil_eye, layout_rooms
D:3:      layout_basic, mainiacjoe_overflow_alcove_2, grunt_ministairs_2
D:4:      layout_basic, nicolae_sif_muna_condensation, dancing_weapons_uskayaw,
          mainiacjoe_overflow_two_lobes, minmay_temple_entry_tees, uniq_grinder
D:5:      layout_cave_pools, hex_large, grunt_ministairs_13, uniq_edmund,
          uniq_ijyb
D:6:      layout_rooms, serial_shops, nicolae_shop_crystal, uniq_prince_ribbit1,
          uniq_duvessa, uniq_eustachio
Temple:   pf_slime_end_temple

Skill      XL: |  1  2  3  4  5  6  7  8 |
---------------+-------------------------+-----
Dodging        | 1 2 3 |  3.3
Axes           | 2 3 4 5 |  5.2
Armour         | 2 3 |  3.6
Spellcasting   | 1 2 3 |  3.2
Invocations    | 3 4 5 |  5.2
Necromancy     | 1 2 3 |  3.2
Evocations     | 1 3 4 |  4.1
Fighting       | 4 |  4.6
Unarmed Combat | 1 |  1.5
Hexes          | |  0.6

Action                   |  1- 3 |  4- 6 |  7- 9 || total
-------------------------+-------+-------+-------++-------
Melee: Hand axe          |    98 |   112 |   183 ||   393
       Kick              |    10 |    30 |    50 ||    90
Invok: Depart the Abyss  |     1 |       |       ||     1
Evoke: Wand              |       |       |     8 ||     8
  Use: Scroll            |       |    13 |     3 ||    16
       Potion            |       |     3 |     5 ||     8
 Stab: Invisible         |       |       |     2 ||     2
Armor: Leather armour    |    11 |       |    10 ||    21
       Ring mail         |    21 |    43 |    33 ||    97
       Scale mail        |       |       |    60 ||    60
Dodge: Dodged            |    65 |    66 |   109 ||   240

Table legend: (Time is in decaauts)
 A = Elapsed time spent in this place.
 B = Non-inter-level travel time spent in this place.
 C = Inter-level travel time spent in this place.
 D = Time resting spent in this place.
 E = Time spent auto-exploring this place.
 F = Levels seen in this place.
 G = Mean time per level.
                   A        B        C        D        E       F      G
               +--------+--------+--------+--------+--------+-----+--------+
         Total |   7265 |   7078 |    187 |   1669 |   4326 |   8 |  908.1 |
       Dungeon |   6321 |   6157 |    164 |   1081 |   4134 |   6 | 1053.5 |
        Temple |    853 |    830 |     23 |    588 |    132 |   1 |  853.0 |
         Abyss |     89 |     89 |      0 |      0 |     60 |   1 |   89.0 |
               +--------+--------+--------+--------+--------+-----+--------+

Top non-repeatable levels by time:
     D:4: 1996 daAuts
     D:1: 1349 daAuts
     D:2: 1066 daAuts
     D:3: 1022 daAuts
  Temple: 853 daAuts
     D:5: 786 daAuts
     D:6: 101 daAuts
 Abyss:1: 89 daAuts
